Map: Habitation Station LE (Void)

Players

Musumeci - Winner!

  • Race: Zerg Zerg
  • League: Diamond
  • Spawn Location: 1:00

MEMMO

  • Race: Zerg Zerg
  • League: Diamond
  • Spawn Location: 11:00

VOD

Have the link to the VOD?

Description

Time

  • Played on: Jan. 15, 2017, 1:59 p.m.
  • Length: 6:57
Show
View Real Time Build Order
Export as new Build Order

Musumeci Zerg - Winner!

Build Orders: Pool First 

Get SALT Encoding   

  12  0:20  Spawning Pool  
  11  0:27  Drone, Extractor  
  11  0:28  Drone  
  12  0:34  Drone  
  14  0:43  Overlord  
  14  1:06  Zergling x4  
  14  1:09  Queen  
  14  1:10  Zergling x2  
  19  1:22  Zergling x2  
  20  1:36  Hatchery  
  19  1:42  Extractor  
  19  1:43  Zergling x2  
  19  1:53  Drone x2  
  21  2:22  Drone  
  22  2:46  Overlord  
  21  2:52  Zergling x8  
  25  3:00  Metabolic Boost  
  25  3:03  Zergling x6  
  25  3:04  Zergling x2  
  29  3:32  Baneling Nest  
  28  3:36  Zergling x16  
  36  3:57  Overlord  
  36  4:16  Zergling x2  
  38  4:17  Zergling x10  
  38  4:20  Baneling x3  
  38  4:22  Baneling  
  42  4:39  Baneling  
  42  4:40  Baneling  
  42  5:04  Evolution Chamber  
  42  5:05  Zergling x6  
  42  5:06  Overlord  
  44  5:09  Baneling x3  
  35  5:33  Baneling  
  35  5:34  Baneling x3  
  24  5:44  Zergling x10  
  24  5:45  Zergling x4  
  25  6:05  Zergling x2  
  25  6:06  Zergling x6  
  22  6:29  Baneling  
  22  6:31  Zergling x8  
Show
View Real Time Build Order
Export as new Build Order

MEMMO Zerg 

Build Orders: Hatch First 

Get SALT Encoding   

  12  0:00  Drone  
  13  0:13  Overlord  
  13  0:25  Overlord  
  13  0:26  Drone  
  14  0:32  Drone  
  15  0:46  Drone  
  16  0:59  Hatchery  
  16  1:02  Drone  
  16  1:03  Drone  
  17  1:10  Drone  
  18  1:18  Extractor  
  17  1:24  Spawning Pool  
  16  1:26  Drone  
  17  1:35  Drone  
  18  1:42  Drone  
  19  1:59  Overlord  
  19  2:14  Zergling x6  
  22  2:22  Zergling x2  
  23  2:42  Metabolic Boost  
  23  2:46  Zergling x6  
  26  3:12  Hatchery  
  25  3:16  Overlord  
  25  3:23  Baneling Nest  
  24  3:32  Queen  
  26  3:46  Overlord  
  26  3:52  Overlord  
  26  3:57  Drone  
  27  4:16  Baneling x2  
  27  4:21  Queen  
  29  4:29  Queen  
  31  4:33  Baneling x2  
  31  4:35  Drone x2  
  31  4:37  Drone x2  
  31  4:38  Drone  
  37  4:52  Drone  
  37  4:53  Drone x3  
  37  4:56  Baneling x4  
  39  5:04  Zergling x2  
  40  5:12  Spine Crawler  
  38  5:14  Spine Crawler  
  38  5:19  Baneling x2  
  36  5:21  Zergling x2  
  34  5:41  Zergling x6  
  34  5:42  Zergling x2  
  30  5:50  Zergling x2  
  30  5:52  Zergling x8  
  30  5:53  Zergling x4  
  19  6:11  Drone  
  13  6:34  Drone  
  14  6:40  Drone  
Tags
 
Add a new tag
Caveats
  • Supply blocks, unpowered buildings, or Contaminate may cause inaccurate times.
  • Supply counts are checked every 10 seconds.